 Dungeon Crawl Stone Soup version 0.30-a0-475-g03497ec522 (webtiles) character file.

Game seed: 2955543446990703799

4017 IdlyInterested the Slicer (level 10, 0/76 HPs)
             Began as a Demonspawn Reaver on Dec 16, 2022.
             Shot with a bolt by an orc warrior (14 damage)
             ... in a bailey on Dec 20, 2022.
             The game lasted 00:38:12 (7345 turns).

IdlyInterested the Slicer (Demonspawn Reaver)       Turns: 7345, Time: 00:38:13

Health: 0/76       AC:  6    Str: 13    XL:     10   Next: 3%
Magic:  17/17      EV: 13    Int: 14    God:
Gold:   303        SH:  0    Dex: 22    Spells: 6/19 levels left

rFire   + . .      SeeInvis .    m - +2 short sword (drain)
rCold   . . .      Faith    .    (no shield)
rNeg    . . .      Spirit   .    F - +1 troll leather armour
rPois   .          Reflect  .    (helmet restricted)
rElec   .          Harm     .    w - +0 cloak
rCorr   .          Rampage  .    (no gloves)
Will    .....                    (no boots)
Stlth   +.........               i - amulet of regeneration
HPRegen 1.92/turn                x - +6 ring of dexterity
MPRegen 0.15/turn                I - ring of protection from fire

@: invisible, very slow
A: claws 2, horns 1, demonic guardian 3, weakness stinger 2
a: no special abilities


You were in a bailey.
You visited 2 branches of the dungeon, and saw 8 of its levels.
You also visited: Ossuary and Bailey.

You collected 303 gold pieces.

Inventory:

Hand Weapons
 l - a +0 falchion of holy wrath
 m - a +2 short sword of draining (weapon)
 r - a +0 dagger
 s - a +3 short sword
 t - a +0 vampiric dagger
Missiles
 b - 6 curare-tipped darts
 c - 25 stones (quivered)
 p - 12 javelins
 v - 8 boomerangs
 E - a throwing net
 H - 7 poisoned darts
Armour
 w - a +0 cloak (worn)
 F - a +1 troll leather armour (worn)
Jewellery
 i - an amulet of regeneration (around neck)
 q - an amulet of the acrobat
 x - a +6 ring of dexterity (left claw)
 I - a ring of protection from fire (right claw)
Wands
 n - a wand of digging (10)
 A - a wand of roots (10)
Scrolls
 e - 3 scrolls of vulnerability
 g - 8 scrolls of teleportation
 h - 3 scrolls of enchant weapon
 j - 3 scrolls of immolation
 k - 3 scrolls of blinking
Potions
 a - 3 potions of attraction
 d - 4 potions of magic
 f - 4 potions of curing
 u - 2 potions of cancellation
 z - 3 potions of might
 C - 2 potions of haste
 D - 2 potions of mutation
 G - a potion of resistance


   Skills:
 + Level 6.0 Fighting
 - Level 10.0 Short Blades
 - Level 1.0 Throwing
 - Level 1.0 Armour
 - Level 3.0 Dodging
 - Level 3.0 Stealth
 * Level 5.1 Spellcasting
 * Level 4.5 Conjurations
 - Level 1.0 Hexes
 - Level 1.0 Necromancy
 - Level 1.0 Translocations
 - Level 1.0 Ice Magic
 - Level 1.0 Evocations


You had 6 spell levels left.
You knew the following spells:

 Your Spells              Type           Power      Damage    Failure   Level
a - Kiss of Death         Conj/Necr      44%        2d8       7%          1
b - Magic Dart            Conj           64%        1d6       3%          1
c - Searing Ray           Conj           32%        2d5       5%          2
d - Momentum Strike       Conj/Tloc      22%        3d8       11%         2
e - Hailstorm             Conj/Ice       11%        3d5       22%         3
f - Fulminant Prism       Conj/Hex       5%         3d7       56%         4

Your spell library contained the following spells:

 Spells                   Type           Power      Damage    Failure   Level
 Beastly Appendage        Tmut           6%         N/A       22%         1
 Summon Small Mammal      Summ           12%        N/A       22%         1
 Wereblood                Tmut           3%         N/A       32%         2
 Summon Guardian Golem    Hex/Summ       4%         N/A       47%         3
 Call Canine Familiar     Summ           3%         N/A       54%         3
 Spider Form              Tmut/Pois      3%         N/A       54%         3


Dungeon Overview and Level Annotations

Branches:
Dungeon (7/15)             Temple (1/1) D:5         Ossuary (visited)
 Bailey (1/1)

Altars:
Ashenzari
Cheibriados
Dithmenos
Fedhas
Gozag
Hepliaklqana
Kikubaaqudgha
Makhleb
Nemelex Xobeh
Okawaru
Qazlal
Ru
Sif Muna
Trog
Uskayaw
Vehumet
Wu Jian
Xom
Yredelemnul


Innate Abilities, Weirdness & Mutations

You have very sharp fingernails.
You have a pair of small horns on your head.
A powerful demonic guardian rushes to your aid.
You have a tail ending in a sharp stinger.


Message History

Your Short Blades skill increases to level 10!
Things that are here:
a +0 arbalest; a +0 scale mail Your smoke demon disappears in a puff of smoke!
Items here: )) [[ †.
Okay, then.
Items here: )) [[.
Okay, then.
Items here: )) [[.
Items here: )) [[ †.
Why would you want to do that?
You enter the shallow water.
Moving in this stuff is going to be slow.
Found a gate leading back out of this place.
You enter the shallow water.
Moving in this stuff is going to be slow.
An orc warrior comes into view. It is wielding a +0 arbalest.
Found a gate leading back out of this place.
An orc comes into view. It is wielding a +0 arbalest.
The orc warrior shouts!
The orc shouts!
An orc warrior comes into view. It is wielding a +0 arbalest.
The orc warrior shoots a bolt.
The bolt hits you!
The orc warrior shouts!
You hear a shout!
You enter the shallow water.
Moving in this stuff is going to be slow.
The orc warrior shoots a bolt.
The bolt hits you!
The orc warrior shoots a bolt.
The bolt closely misses you.
The orc warrior shoots a bolt.
The bolt barely misses you.
The orc warrior shoots a bolt.
The bolt hits you!
An orc warrior comes into view. It is wielding a +3 arbalest.
The orc warrior shoots a bolt.
The bolt hits you!
A demonic guardian appears!
The orc warrior shoots a bolt.
The bolt hits you!
The orc warrior shoots a bolt.
The bolt closely misses you.
The orc warrior shoots a bolt.
The bolt hits you!
* * * LOW HITPOINT WARNING * * *
The orc warrior shouts!
You fade into invisibility!
The orc warrior shoots a bolt.
The bolt hits the orc warrior!!
The orc warrior shoots a bolt.
The bolt hits you!
You die...

~
##~~~~~~~~.....#
~
#~~~~~~~~.....#
#
##~~~~~~~.....#
#~~~~~~~.....#
#~~~~~~~.....#
#~~~~~~~.....#
##~~~~~~~.....#
#~~~~~~~~.....#
##~~~3~@~~.....#
#
#~~~~~~~~~.....#
#
~~~≈≈≈~≈≈~.....#
~
~~~≈##o#≈≈.....#
~ ~~~
#oo##≈.....# ~
~~ ~... #≈.....#
~ ~ ~≈##o
#≈.....# ~ ~~≈
## ≈≈.....# ~ ~~
≈≈ ~.....#


You could see 3 orc warriors, an orc and a friendly soul eater (summoned).

Vanquished Creatures
  Pikel (D:7)
  A troll (D:5)
  A hornet (D:6)
  Sigmund (D:4)
  A vampire (D:6)
  Menkaure (D:4)
  Duvessa (D:4)
  An ice beast (D:6)
  A sky beast (D:7)
  2 orc warriors (Bailey)
  4 lemures (D:7)
  Blork the orc (D:4)
  A bullfrog (D:6)
  A wyvern zombie (Ossuary)
  A necrophage (D:4)
  2 scorpions
  A water moccasin zombie (Ossuary)
  2 killer bees (D:6)
  A bullfrog zombie (Ossuary)
  A centaur zombie (Ossuary)
  3 hounds
  A gnoll bouda (D:5)
  Natasha (D:2)
  3 iguanas
  An orc wizard (D:6)
  3 killer bee zombies (Ossuary)
  18 mummies (Ossuary)
  3 howler monkey zombies (Ossuary)
  9 gnolls
  9 adders
  2 white imps (D:6)
  2 ufetubi
  3 worms
  2 dart slugs
  19 orcs
  7 bats
  10 endoplasms
  2 giant cockroaches (D:4)
  12 goblins
  3 hobgoblins
  2 jackals
  3 quokkas
  4 ball pythons
  2 frilled lizards (D:1)
  9 kobolds
  7 rats
166 creatures vanquished.

Vanquished Creatures (collateral kills)
  2 orc warriors (Bailey)
  2 black bears (D:6)
  A water moccasin zombie (Ossuary)
  Dowan (D:4)
  A bullfrog zombie (Ossuary)
  A centaur zombie (Ossuary)
  Crazy Yiuf (D:2)
  Natasha (twice) (D:2)
  2 mummies (Ossuary)
  5 orcs
  A bat (D:3)
  A goblin (D:1)
  A hobgoblin (D:1)
  2 kobolds
23 creatures vanquished.

Vanquished Creatures (others)
  8 plants (D:4)
  5 withered plants (Ossuary)
13 creatures vanquished.

Grand Total: 202 creatures vanquished

Notes
Turn   | Place    | Note
-------+----------+-------------------------------------------
     0 | D:1      | IdlyInterested the Demonspawn Reaver began the quest for
                  | the Orb.
     0 | D:1      | Reached XP level 1. HP: 16/16 MP: 3/3
   208 | D:1      | Reached skill level 3 in Short Blades
   271 | D:1      | Gained mutation: A weak demonic guardian rushes to your
                  | aid. [demonic ancestry]
   271 | D:1      | Reached XP level 2. HP: 22/22 MP: 5/5
   909 | D:2      | Found a runed translucent door.
   910 | D:2      | Noticed Crazy Yiuf
  1042 | D:2      | Found an iron altar of Okawaru.
  1069 | D:2      | Discovered your monstrous ancestry.
  1069 | D:2      | Gained mutation: You have a small tail. [demonic ancestry]
  1069 | D:2      | Reached XP level 3. HP: 28/28 MP: 6/6
  1159 | D:2      | Noticed Natasha
  1174 | D:2      | HP: 1/28 [Natasha (7)]
  1175 | D:2      | Killed Natasha
  1382 | D:2      | Gained mutation: A demonic guardian rushes to your aid.
                  | [demonic ancestry]
  1382 | D:2      | Reached XP level 4. HP: 35/35 MP: 7/7
  1624 | D:2      | Noticed Natasha
  1765 | D:2      | Killed Natasha
  2065 | D:2      | Killed Crazy Yiuf
  2320 | D:2      | Noticed Natasha
  2330 | D:2      | Killed Natasha
  2331 | D:2      | Gained mutation: You have sharp fingernails. [demonic
                  | ancestry]
  2331 | D:2      | Reached XP level 5. HP: 41/41 MP: 8/8
  2650 | D:3      | Found a faded altar of an unknown god.
  2655 | D:3      | Found an iron altar of Okawaru.
  2745 | D:3      | Reached skill level 1 in Stealth
  2850 | D:3      | Reached skill level 4 in Short Blades
  3292 | D:4      | Noticed Duvessa
  3292 | D:4      | Noticed Dowan
  3307 | D:4      | Killed Duvessa
  3308 | D:4      | Reached XP level 6. HP: 21/47 MP: 8/10
  3313 | D:4      | Killed Dowan
  3338 | D:4      | Found a sand-covered staircase.
  3345 | Ossuary  | Entered an ossuary
  3360 | Ossuary  | Learned a level 1 spell: Magic Dart
  3389 | Ossuary  | Gained mutation: You have a pair of small horns on your
                  | head. [demonic ancestry]
  3389 | Ossuary  | Reached XP level 7. HP: 40/52 MP: 11/11
  3392 | Ossuary  | Reached skill level 5 in Short Blades
  3395 | Ossuary  | Reached skill level 1 in Throwing
  3501 | Ossuary  | Reached skill level 6 in Short Blades
  3553 | Ossuary  | Reached skill level 1 in Evocations
  3565 | Ossuary  | Gained mutation: You have a tail ending in a sharp stinger.
                  | [demonic ancestry]
  3565 | Ossuary  | Reached XP level 8. HP: 61/61 MP: 12/12
  3720 | Ossuary  | Reached skill level 1 in Armour
  3886 | D:4      | Reached skill level 5 in Fighting
  3928 | D:4      | Noticed Blork the orc
  3942 | D:4      | Killed Blork the orc
  3943 | D:4      | Reached skill level 1 in Necromancy
  4102 | D:3      | Learned a level 2 spell: Searing Ray
  4105 | D:3      | Learned a level 2 spell: Momentum Strike
  4109 | D:3      | Learned a level 3 spell: Hailstorm
  4114 | D:3      | Learned a level 4 spell: Fulminant Prism
  4184 | D:4      | Noticed Menkaure
  4193 | D:4      | Killed Menkaure
  4194 | D:4      | Reached skill level 7 in Short Blades
  4236 | D:4      | Noticed Sigmund
  4244 | D:4      | Killed Sigmund
  4245 | D:4      | Reached skill level 1 in Hexes
  4767 | D:5      | Entered Level 5 of the Dungeon
  4801 | D:5      | Noticed a troll
  4822 | D:5      | Killed a troll
  4823 | D:5      | Reached skill level 1 in Translocations
  5016 | D:5      | Gained mutation: A powerful demonic guardian rushes to your
                  | aid. [demonic ancestry]
  5016 | D:5      | Reached XP level 9. HP: 50/69 MP: 8/14
  5094 | D:5      | Found a radiant altar of Vehumet.
  5156 | D:5      | Reached skill level 8 in Short Blades
  5289 | D:5      | Found a staircase to the Ecumenical Temple.
  5295 | Temple   | Entered the Ecumenical Temple
  6276 | D:6      | Reached skill level 1 in Ice Magic
  6744 | D:6      | Reached skill level 9 in Short Blades
  6971 | D:7      | Noticed Pikel
  7029 | D:7      | Killed Pikel
  7050 | D:7      | Found a flagged portal.
  7063 | Bailey   | Entered a bailey
  7064 | Bailey   | Upgraded the game from 0.30-a0-462-gd5975efbca to
                  | 0.30-a0-475-g03497ec522
  7226 | Bailey   | Reached skill level 5 in Spellcasting
  7300 | Bailey   | Gained mutation: You have very sharp fingernails. [demonic
                  | ancestry]
  7300 | Bailey   | Reached XP level 10. HP: 76/76 MP: 17/17
  7307 | Bailey   | Reached skill level 10 in Short Blades
  7345 | Bailey   | Shot with a bolt by an orc warrior

Illustrated notes

Levels and vault maps discovered:
D:1:      matt_arrival_los_fun, layout_rooms
D:2:      minmay_door_path, layout_loops_ring, basic_altar,
          uniq_crazy_yiuf_cottage, uniq_natasha
D:3:      minmay_evil_eye, layout_basic, nicolae_overflow_ecumenical_swirl,
          minmay_misc_feat_x
D:4:      layout_cave_pools, chequers_ossuary_entry_cave, serial_forest,
          infiniplex_forest_clump_diagonal, infiniplex_forest_end_1,
          infiniplex_forest_end_1, infiniplex_forest_clump_long,
          infiniplex_forest_pool, infiniplex_forest_end_3,
          infiniplex_forest_3_way, minmay_misc_feat_secret_circle,
          uniq_menkaure, uniq_blork_the_orc, uniq_sigmund, uniq_duvessa
D:5:      layout_loops_ring, fiery_altar_vehumet,
          minmay_temple_entry_enclosed_plants, hangedman_decor_lopped
D:6:      layout_cave_pools, hangedman_abyss_or_decor_lesser_grid,
          minmay_pentangle
D:7:      layout_cave_pools, serial_shops, nicolae_lakefront_shop,
          enter_bailey_7, uniq_pikel
Temple:   nicolae_temple_bog_church
Bailey:   bailey_polearm_2, bailey

Skill      XL: |  1  2  3  4  5  6  7  8  9 10 |
---------------+-------------------------------+-----
Short Blades   | 3 4 6 7 9 10 | 10.0
Dodging        | 2 3 |  3.0
Fighting       | 3 4 6 |  6.0
Stealth        | 2 3 |  3.0
Spellcasting   | 3 5 |  5.1
Throwing       | 1 |  1.0
Evocations     | 1 |  1.0
Armour         | 1 |  1.0
Necromancy     | 1 |  1.0
Hexes          | 1 |  1.0
Translocations | 1 |  1.0
Ice Magic      | 1 |  1.0
Conjurations   | 4 |  4.5

Action                   |  1- 3 |  4- 6 |  7- 9 | 10-12 || total
-------------------------+-------+-------+-------+-------++-------
Melee: Short sword       |   132 |   147 |   462 |     6 ||   747
       Punch             |     2 |     2 |     6 |       ||    10
       Tailslap          |     7 |    18 |    85 |     1 ||   111
       Headbutt          |       |       |   103 |       ||   103
Throw: Stone             |     2 |     5 |    27 |       ||    34
       Javelin           |       |     2 |       |       ||     2
       Dart              |       |       |     2 |       ||     2
 Cast: Kiss of Death     |     1 |       |     2 |       ||     3
       Searing Ray       |       |       |     4 |       ||     4
       Momentum Strike   |       |       |     1 |       ||     1
       Magic Dart        |       |       |       |     1 ||     1
Evoke: Wand              |       |     2 |    20 |       ||    22
  Use: Scroll            |     5 |     6 |    10 |       ||    21
       Potion            |       |     2 |     4 |     1 ||     7
 Stab: Distracted        |     1 |       |     1 |       ||     2
       Sleeping          |     1 |     4 |     2 |       ||     7
Armor: Leather armour    |    15 |       |       |       ||    15
       Robe              |     3 |    24 |     1 |       ||    28
       Ring mail         |       |       |    42 |       ||    42
       Troll leather arm |       |       |    46 |     1 ||    47
Dodge: Dodged            |    59 |    76 |   171 |     4 ||   310

Table legend: (Time is in decaauts)
 A = Elapsed time spent in this place.
 B = Non-inter-level travel time spent in this place.
 C = Inter-level travel time spent in this place.
 D = Time resting spent in this place.
 E = Time spent auto-exploring this place.
 F = Levels seen in this place.
 G = Mean time per level.
                   A        B        C        D        E       F      G
               +--------+--------+--------+--------+--------+-----+--------+
         Total |   7225 |   6118 |   1107 |    669 |   3047 |  10 |  722.5 |
       Dungeon |   6283 |   5207 |   1076 |    536 |   2910 |   7 |  897.6 |
        Temple |    187 |    156 |     31 |      0 |    136 |   1 |  187.0 |
       Ossuary |    485 |    485 |      0 |     32 |      1 |   1 |  485.0 |
        Bailey |    269 |    269 |      0 |    100 |      0 |   1 |  269.0 |
               +--------+--------+--------+--------+--------+-----+--------+

Top non-repeatable levels by time:
     D:2: 1663 daAuts
     D:5: 1152 daAuts
     D:4: 1040 daAuts
     D:1: 856 daAuts
     D:3: 802 daAuts
     D:6: 700 daAuts
 Ossuary: 485 daAuts
  Bailey: 269 daAuts
  Temple: 187 daAuts
     D:7: 68 daAuts
